AoeStats
← ✪ BlackJack

Glade

510483676Analyzed
1v1 RM · 13h ago on Oct 1, 2026· 45m 3s· 2 players
Game mode
Random Map
Map size
Tiny (2 player)
Population
200
Speed
Normal
Resources
Standard
Victory
Conquest
Starting age
Dark Age
Ending age
Imperial Age
RankedLock teamsTeams togetherTeam positionsShared explorationLock speedFull tech treeHidden civsTurbo modeCheats
Victory
Defeat
🇹🇷 Turks · Türkiye
1129
+15
🇦🇺 Byzantines · Australia
1115
-15
jeimious
4:07 Loom
12:46 Feudal Age
15:00 Wheelbarrow
14:16 Double-Bit Axe
18:16 Castle Age
16:24 Stone Mining
17:32 Horse Collar
17:44 Gold Mining
19:23 Hand Cart
19:19 Bow Saw
22:50 Gold Shaft Mining
27:33 Imperial Age
27:38 Sanctity
27:29 Redemption
28:39 Block Printing
31:51 Fletching
33:52 Bodkin Arrow
35:22 Thumb Ring
34:37 Elite Skirmisher
39:17 Bracer
42:14 Padded Archer Armor
42:42 Ballistics
44:46 Devotion
✪ BlackJack
11:24 Feudal Age
15:55 Castle Age
19:06 Horse Collar
21:53 Double-Bit Axe
23:06 Heavy Plow
24:06 Wheelbarrow
24:05 Bow Saw
28:36 Imperial Age
26:34 Hand Cart
26:55 Gold Mining
28:40 Gold Shaft Mining
28:53 Fletching
29:04 Padded Archer Armor
30:04 Bodkin Arrow
31:02 Leather Archer Armor
34:14 Artillery
38:58 Bracer
39:28 Ring Archer Armor
39:11 Town Watch
40:28 Two-Man Saw
42:57 Forging
42:53 Scale Barding Armor
44:02 Bloodlines
45:09 Chain Barding Armor
45:25 Iron Casting
45:06 Thumb Ring
Connection lost

Rejoining the realm…

Still unreachable

The connection could not be restored.

Session expired

The server has moved on; the page needs a fresh start.